Map: Aire du défenseur EC

Players

zidar - Winner!

  • Race: Zerg Zerg
  • League: Gold
  • Spawn Location: 1:00

WraTh

  • Race: Protoss Protoss
  • League: Platinum
  • Spawn Location: 7:00

VOD

Have the link to the VOD?

Description

Time

  • Played on: June 27, 2017, 11:52 a.m.
  • Length: 4:41
Show
View Real Time Build Order
Export as new Build Order

zidar Zerg - Winner!

Build Orders: Hatch First 

Get SALT Encoding   

  12  0:02  Drone  
  13  0:13  Overlord  
  13  0:17  Drone  
  14  0:31  Drone x2  
  16  0:53  Hatchery  
  16  0:55  Drone  
  16  0:58  Extractor  
  16  1:00  Drone  
  16  1:18  Spawning Pool  
  15  1:24  Drone x2  
  17  1:29  Drone  
  18  1:37  Drone  
  19  2:07  Metabolic Boost  
  19  2:10  Queen x2  
  19  2:13  Zergling x2  
  24  2:17  Zergling x2  
  24  2:20  Zergling x2  
  26  2:23  Zergling x2  
  27  2:32  Zergling x2  
  27  2:34  Overlord  
  27  2:56  Zergling x6  
  27  2:57  Zergling x4  
  32  3:11  Zergling x6  
  34  4:14  Zergling x6  
  34  4:16  Zergling x2  
Show
View Real Time Build Order
Export as new Build Order

WraTh Protoss 

Build Orders: 1 Gate Expand, Oracle Opening 

Get SALT Encoding   

  12  0:01  Probe (Chrono Boost)  
  13  0:11  Probe (Chrono Boost)  
  14  0:19  Pylon  
  14  0:23  Probe (Chrono Boost)  
  15  0:38  Probe (Chrono Boost)  
  15  0:41  Gateway  
  16  0:47  Assimilator  
  16  0:48  Probe (Chrono Boost)  
  17  0:59  Probe (Chrono Boost)  
  18  1:10  Probe (Chrono Boost)  
  19  1:22  Nexus  
  19  1:26  Probe (Chrono Boost)  
  20  1:36  Cybernetics Core  
  20  1:43  Assimilator  
  20  1:44  Probe (Chrono Boost)  
  21  1:54  Probe (Chrono Boost)  
  21  1:55  Pylon  
  22  2:05  Probe (Chrono Boost)  
  23  2:16  Adept  
  25  2:26  Probe (Chrono Boost)  
  26  2:34  Stargate  
  26  2:38  Probe x2 (Chrono Boost)  
  28  2:48  Probe x2 (Chrono Boost)  
  30  2:59  Probe x2 (Chrono Boost), Twilight Council  
  32  3:10  Probe x2 (Chrono Boost)  
  34  3:14  Pylon  
  34  3:22  Gateway  
  34  3:23  Gateway, Pylon  
  34  3:34  Oracle (Chrono Boost)  
  39  3:48  Mothership Core (Chrono Boost)  
Tags
 
Add a new tag
Caveats
  • Supply blocks, unpowered buildings, or Contaminate may cause inaccurate times.
  • Supply counts are checked every 10 seconds.